 Dungeon Crawl Stone Soup version 0.28.0-43-g3370ac3207 (webtiles) character file.

Game seed: 6044136140640950181

3292 terff the Cleaver (level 10, -1/76 HPs)
             Began as a Human Fighter on Mar 20, 2022.
             Was a Believer of the Shining One.
             Hit by a boomerang thrown by an orc warrior (9 damage)
             ... on level 8 of the Dungeon.
             The game lasted 00:16:30 (6398 turns).

terff the Cleaver (Human Fighter)                   Turns: 6398, Time: 00:16:31

Health: -1/76      AC: 10    Str: 21    XL:     10   Next: 20%
Magic:  10/10      EV: 27    Int: 12    God:    the Shining One [**....]
Gold:   546        SH:  5    Dex: 12    Spells: 9/9 levels left

rFire   + . .      SeeInvis .   j - +5 war axe of Extremism {speed, Will+ Int+3}
rCold   . . .      Faith    .   c - +0 buckler
rNeg    + . .      Spirit   .   p - +0 chain mail
rPois   .          Reflect  .   (no helmet)
rElec   .          Harm     +   C - scarf {harm}
rCorr   .          Rampage  .   (no gloves)
Will    +....                   (no boots)
Stlth   ..........              r - amulet of the acrobat
HPRegen 0.22/turn               b - +4 ring of evasion
MPRegen 0.12/turn               v - ring of protection from fire

@: acrobatic, glowing
A: no striking features
a: Renounce Religion, Divine Shield


You were on level 8 of the Dungeon.
You worshipped the Shining One.
The Shining One was pleased with you.
You visited 1 branch of the dungeon, and saw 8 of its levels.

You collected 546 gold pieces.

Inventory:

Hand Weapons
 a - a +1 long sword
 j - the +5 war axe of Extremism (weapon) {speed, Will+ Int+3}
   (You found it on level 2 of the Dungeon)

   Attacks with this weapon are significantly faster.
   Int:       It affects your intelligence (+3).
   Will:      It increases your willpower.
 l - a +1 dire flail of holy wrath
 n - a +3 vampiric spear
 z - a +4 long sword
Armour
 c - a +0 buckler (worn)
 p - a +0 chain mail (worn)
 C - a scarf of harm (worn)
Jewellery
 b - a +4 ring of evasion (left hand)
 r - an amulet of the acrobat (around neck)
 v - a ring of protection from fire (right hand)
Wands
 m - a wand of polymorph (6)
 s - a wand of iceblast (17)
 y - a wand of charming (2)
Scrolls
 f - a scroll of amnesia
 o - 4 scrolls of enchant weapon
 t - 2 scrolls of fear
 w - a scroll of magic mapping
 A - 2 scrolls of torment {unknown}
 D - a scroll of vulnerability {unknown}
 E - a scroll of summoning
Potions
 d - 2 potions of might
 e - 4 potions of curing
 g - 2 potions of cancellation
 h - 2 potions of degeneration
 i - a potion of magic
 k - 4 potions of lignification
 u - 2 potions of mutation
 x - a potion of haste


   Skills:
 + Level 6.1 Fighting
 + Level 4.0 Long Blades
 + Level 9.7 Axes
 + Level 6.5 Armour
 + Level 2.2 Dodging
 + Level 0.7 Stealth
 + Level 4.4 Shields


You had 9 spell levels left.
You didn't know any spells.
Your spell library contained the following spells:

 Spells                   Type           Power      Damage    Failure   Level
 Foxfire                  Conj/Fire      0%         2x1d4     98%         1
 Conjure Flame            Conj/Fire      0%         6-21      100%        3
 Ignite Poison            Fire/Tmut/Pois 0%         N/A       100%        3
 Inner Flame              Hex/Fire       0%         N/A       100%        3
 Summon Guardian Golem    Hex/Summ       0%         N/A       100%        3
 Flame Wave               Conj/Fire      0%         2d4       100%        4
 Leda's Liquefaction      Hex/Erth       0%         N/A       100%        4
 Petrify                  Tmut/Erth      0%         N/A       100%        4
 Sticky Flame             Conj/Fire      0%         2d3       100%        4
 Alistair's Intoxication  Tmut/Pois      0%         N/A       100%        5
 Borgnjor's Vile Clutch   Necr/Erth      0%         N/A       100%        5
 Lee's Rapid Deconstruct  Erth           0%         3d5*      100%        5
 Metabolic Englaciation   Hex/Ice        0%         N/A       100%        5
 Eringya's Noxious Bog    Tmut/Pois      0%         N/A       100%        6
 Statue Form              Tmut/Erth      0%         N/A       100%        6
 Orb of Destruction       Conj           0%         9d5       100%        7
 Spellforged Servitor     Conj/Summ      0%         N/A       100%        7


Dungeon Overview and Level Annotations

Branches:
Dungeon (8/15)             Temple (0/1) D:4            Lair (0/6) D:8

Altars:
Makhleb
Nemelex Xobeh
Ru
Uskayaw
Vehumet
The Shining One

Shops:
D:1 [   D:4 [


Message History

Things that are here:
a +0 dagger; a +0 robe The orc wizard casts a spell.
The orc wizard flickers and vanishes for a moment.
The warg closely misses you.
Items here: )) [[ †.
You see here a warg corpse.
The warg stops to sniff the ground.
The warg bites you but does no damage.
There is an open door here.
You slash the warg!
You kill the warg!
The orc priest invokes the aid of Beogh against you.
Beogh smites you!
* * * LOW HITPOINT WARNING * * *
You closely miss the orc wizard. The orc wizard closely misses you.
You barely miss the orc wizard. You barely miss the orc.
The orc completely misses you.
You hit the orc wizard.
The orc wizard is lightly wounded.
You slash the orc!
You kill the orc!
The orc wizard hits you but does no damage.
The orc priest invokes the aid of Beogh against you.
Beogh smites you!
* * * LOW HITPOINT WARNING * * *
The orc wizard points at you and mumbles some strange words.
The puff of flame misses you.
As you read the scroll of fear, it crumbles to dust.
You assume a fearsome visage.
The orc priest looks frightened!
The orc looks frightened!
The orc wizard looks frightened!
As you read the scroll of fog, it crumbles to dust.
The scroll dissolves into smoke.
You slice the orc!!
You kill the orc!
A puff of flame appears from out of thin air!
The puff of flame hits you. You resist.
* * * LOW HITPOINT WARNING * * *
The orc warrior throws a boomerang.
The boomerang hits you!
You die...

.###'#8.........8#.##....#...<..#
.#...##.........##..#....'......#
.#....##8.....8##...#....#.......
.#....###.....##....#....#.......
.#....#.##8.8##.....'....#.......
.##...##.##'##.....##....##...###
..#...##..#.#......##....####§###
..#....................{.§§§§§§#.
..#.............@.....o§.§§§§§§'.
..+....................§..§§§§§#o
..#......................§§§§§.#)
..#........................§...#o
..#............................#.
..##+####+###...##.#############.
............#...##.# ##...
............#... ... #..{.
............# ........


You could see an orc warrior.

Vanquished Creatures
  A cyclops (D:8)
  A wraith (D:5)
  Sigmund (D:4)
  A steam dragon (D:6)
  Edmund (D:4)
  2 wargs (D:8)
  2 water moccasins (D:7)
  An orc warrior (D:8)
  A sky beast (D:6)
  An ogre (D:6)
  A necrophage (D:6)
  2 centaurs
  A phantom (D:2)
  2 bullfrogs (D:7)
  A wyvern skeleton (D:7)
  9 wights
  A howler monkey (D:7)
  2 crimson imps
  2 centaur zombies
  A hound (D:5)
  2 centaur skeletons
  Crazy Yiuf (D:2)
  Jessica (D:3)
  A bullfrog skeleton (D:5)
  An iguana (D:5)
  Terence (D:3)
  Natasha (thrice) (D:2)
  3 orc wizards
  2 hound skeletons
  A mummy (D:5)
  Robin (D:4)
  5 adders
  A shadow imp (D:7)
  A white imp (D:6)
  An adder skeleton (D:5)
  4 worms
  14 orcs
  4 ball pythons
  3 bats
  8 endoplasms
  3 giant cockroaches
  13 goblins
  15 hobgoblins
  11 jackals
  5 kobolds
  5 quokkas
  5 frilled lizards
  A goblin zombie (D:3)
  5 hobgoblin zombies
  2 kobold zombies (D:3)
  6 orc skeletons (D:3)
  An orc zombie (D:5)
  5 rats
169 creatures vanquished.

Notes
Turn   | Place    | Note
-------+----------+-------------------------------------------
     0 | D:1      | terff the Human Fighter began the quest for the Orb.
     0 | D:1      | Reached XP level 1. HP: 18/18 MP: 1/1
   313 | D:1      | Reached XP level 2. HP: 16/24 MP: 2/2
  1076 | D:1      | Reached XP level 3. HP: 28/29 MP: 3/3
  1101 | D:1      | Found Joso Nuo's Armour Shoppe.
  1318 | D:2      | Found a burning altar of Makhleb.
  1335 | D:2      | Noticed Natasha
  1343 | D:2      | Killed Natasha
  1344 | D:2      | Reached XP level 4. HP: 32/35 MP: 4/4
  1409 | D:2      | Noticed Natasha
  1418 | D:2      | Killed Natasha
  1804 | D:2      | Found a faded altar of an unknown god.
  1947 | D:2      | Reached XP level 5. HP: 30/41 MP: 5/5
  1951 | D:2      | Noticed Natasha
  1958 | D:2      | Killed Natasha
  1963 | D:2      | Identified the +5 war axe of Extremism {speed, Will+ Int+3}
  2156 | D:2      | Found a runed translucent door.
  2157 | D:2      | Noticed Crazy Yiuf
  2166 | D:2      | Killed Crazy Yiuf
  2167 | D:2      | Reached skill level 1 in Dodging
  2333 | D:2      | Noticed a phantom
  2342 | D:2      | Killed a phantom
  2343 | D:2      | Reached XP level 6. HP: 46/48 MP: 6/6
  2472 | D:3      | Found a glowing golden altar of the Shining One.
  2482 | D:3      | Reached skill level 1 in Axes
  2513 | D:3      | Became a worshipper of the Shining One
  2619 | D:3      | Noticed Jessica
  2624 | D:3      | Killed Jessica
  2801 | D:3      | Noticed Terence
  2808 | D:3      | Killed Terence
  2809 | D:3      | Reached skill level 2 in Axes
  2826 | D:3      | Reached XP level 7. HP: 54/54 MP: 7/7
  3117 | D:4      | Found a staircase to the Ecumenical Temple.
  3169 | D:4      | Noticed Sigmund
  3179 | D:4      | Killed Sigmund
  3180 | D:4      | Reached skill level 3 in Axes
  3306 | D:4      | Found Olah's Armour Emporium.
  3392 | D:4      | Noticed Robin
  3405 | D:4      | Killed Robin
  3451 | D:4      | Noticed Edmund
  3462 | D:4      | Killed Edmund
  3463 | D:4      | Reached skill level 4 in Axes
  3809 | D:5      | Entered Level 5 of the Dungeon
  3862 | D:5      | Found the +9 heavy crossbow "Sniper" {vorpal, Acc+∞ SInv}
  3897 | D:5      | Reached XP level 8. HP: 61/61 MP: 8/8
  3991 | D:5      | Reached * piety under the Shining One
  4194 | D:5      | Reached skill level 5 in Axes
  4367 | D:5      | Noticed a wraith
  4375 | D:5      | Killed a wraith
  4645 | D:5      | Found a sparkling altar of Nemelex Xobeh.
  4733 | D:6      | Reached skill level 6 in Axes
  4843 | D:6      | Reached skill level 5 in Armour
  4976 | D:6      | Found a sacrificial altar of Ru.
  5122 | D:6      | Reached ** piety under the Shining One
  5123 | D:6      | Reached skill level 7 in Axes
  5123 | D:6      | Reached XP level 9. HP: 67/67 MP: 9/9
  5223 | D:6      | Found a burning altar of Makhleb.
  5223 | D:6      | Found a radiant altar of Vehumet.
  5233 | D:6      | Reached skill level 5 in Fighting
  5432 | D:7      | Reached skill level 8 in Axes
  6030 | D:7      | Found a hide-covered altar of Uskayaw.
  6188 | D:8      | Noticed a cyclops
  6196 | D:8      | Killed a cyclops
  6197 | D:8      | Reached skill level 9 in Axes
  6197 | D:8      | Reached XP level 10. HP: 20/76 MP: 10/10
  6357 | D:8      | Found a staircase to the Lair.
  6398 | D:8      | Hit by a boomerang thrown by an orc warrior

Illustrated notes

Levels and vault maps discovered:
D:1:      lordsloth_arrival_two_stooges, layout_loops_ring, serial_forest,
          infiniplex_forest_corner_1, infiniplex_forest_end_double,
          infiniplex_forest_clump_curved, infiniplex_forest_split, serial_shops,
          shop
D:2:      layout_basic, nicolae_ecumenical_oubliette, basic_altar,
          corexii_leaking_fountain, kennysheep_cross_room,
          hangedman_decor_opposing, uniq_natasha, uniq_crazy_yiuf_cottage
D:3:      layout_rooms, nicolae_tso_besieged_by_evil, uniq_terence, uniq_jessica
D:4:      layout_loops_ring, minmay_temple_entry_offerings, serial_shops,
          nicolae_shop_hallway_stairs, uniq_edmund, uniq_robin, uniq_sigmund
D:5:      wander_river, layout_gridville, nemelex_diamond_rough_becter,
          minmay_mini_ossuary
D:6:      layout_rooms, grunt_temple_overflow_lords_of_destruction,
          mainiacjoe_overflow_surrounded_room
D:7:      layout_loops_ring, nicolae_overflow_crystal_walls
D:8:      layout_gridville, mainiacjoe_overflow_chevrons, fedhas_ov_isle_minmay,
          erik_lair_orcish_takeover, nicolae_ossuary_entry_ruins,
          minmay_misc_feat_room, dk_noncrumbling_4, minmay_microvault

Skill      XL: |  1  2  3  4  5  6  7  8  9 |
---------------+----------------------------+-----
Long Blades    | 3 4 |  4.0
Dodging        | 1 2 |  2.2
Armour         | 4 5 6 |  6.5
Axes           | 2 4 7 9 |  9.7
Fighting       | 4 6 |  6.1
Shields        | 4 |  4.4
Stealth        | |  0.7

Action                   |  1- 3 |  4- 6 |  7- 9 | 10-12 || total
-------------------------+-------+-------+-------+-------++-------
Melee: Long sword        |    74 |    47 |       |       ||   121
       War axe           |       |    77 |   205 |    15 ||   297
  Use: Scroll            |     4 |     2 |    10 |     2 ||    18
Armor: Scale mail        |    41 |    52 |    16 |       ||   109
       Chain mail        |       |       |    43 |     5 ||    48
Dodge: Dodged            |    24 |    63 |   116 |    11 ||   214
Block: Buckler           |    15 |    26 |    37 |     5 ||    83
